 Dungeon Crawl Stone Soup version 0.21-a0-584-g185da8e (webtiles) character file.

177 mortelune the Firebug (level 5, -1/35 HPs)
             Began as a Demonspawn Fire Elementalist on Dec 21, 2017.
             Slain by a scorpion (6 damage)
             ... on level 3 of the Dungeon.
             The game lasted 00:19:59 (5170 turns).

mortelune the Firebug (DsFE)                        Turns: 5170, Time: 00:20:00

Health: -1/35      AC:  5    Str:  7 (8)  XL:     5   Next: 31%
Magic:  5/9        EV: 11    Int: 15 (17) God:
Gold:   104        SH:  0    Dex: 13 (14) Spells: 3/9 levels left

rFire    + . .     SeeInvis .   e - +0 club
rCold    . . .     Gourm    .   (no shield)
rNeg     . . .     Faith    .   a - +0 robe
rPois    .         Spirit   .   (no helmet)
rElec    .         Reflect  .   (no cloak)
rCorr    .         Harm     .   f - +0 pair of gloves
MR       .....                  (no boots)
Stlth    +.........             (no amulet)
HPRegen  0.11/turn              d - ring of protection from fire
MPRegen  0.11/turn              (no ring)

@: lethally poisoned (-1 -> -9), flying, very heavily drained
A: talons 1, slimy green scales 1
a: no special abilities


You were on level 3 of the Dungeon.
You were not hungry.

You visited 1 branch of the dungeon, and saw 4 of its levels.

You collected 104 gold pieces.

Inventory:

Hand Weapons
 e - a +0 club (weapon)
 j - a +0 dagger of draining
 l - a +0 blowgun
 p - a +0 spear of piercing
Missiles
 k - 11 poisoned needles
Armour
 a - a +0 robe (worn)
 f - a +0 pair of gloves (worn)
Jewellery
 d - a ring of protection from fire (left hand)
Scrolls
 n - a scroll of teleportation {unknown}
 q - a scroll of magic mapping
 r - 2 scrolls of identify
Books
 b - a book of Flames

   Spells                             Type                      Level
   a - Flame Tongue                   Conjuration/Fire             1
   b - Throw Flame                    Conjuration/Fire             2
   c - Conjure Flame                  Conjuration/Fire             3
   d - Inner Flame                    Hexes/Fire                   3
   e - Sticky Flame                   Conjuration/Fire             4
   f - Fireball                       Conjuration/Fire             5
Comestibles
 c - 2 rations


   Skills:
 - Level 1.7(0.0) Dodging
 + Level 2.8(0.0) Stealth
 + Level 2.8(0.0) Spellcasting
 * Level 3.3(0.5) Conjurations
 + Level 3.4(0.5) Fire Magic


You had 3 spell levels left.
You knew the following spells:

 Your Spells              Type           Power        Failure   Level  Hunger
a - Flame Tongue          Conj/Fire      #....        22%         1    ##.....
b - Throw Flame           Conj/Fire      #.....       32%         2    ###....
c - Conjure Flame         Conj/Fire      #.......     54%         3    ####...


Dungeon Overview and Level Annotations

Branches:
Dungeon (4/15)
 Temple: D:4-7

Altars:
Cheibriados
Fedhas
Ru
Trog
Uskayaw

Annotations:
D:3 exclusion: downstairs
D:4 Amnesiac's ghost, amateur DEIE


Innate Abilities, Weirdness & Mutations

You have sharp toenails.
You are partially covered in slimy green scales. (AC +2)


Message History

The flame tongue misses the scorpion.
The scorpion closely misses you.
Casting: Flame Tongue
Confirm with . or Enter, or press ? or * to list all spells.
Aiming: Flame Tongue
Press: ? - help, Shift-Dir - straight line, f/p - scorpion
Aim: a scorpion (lightly wounded)
The flame tongue misses the scorpion.
* * * LOW HITPOINT WARNING * * *
You feel sick. The scorpion misses you.
Unknown command.
Casting: Flame Tongue
Confirm with . or Enter, or press ? or * to list all spells.
Aiming: Flame Tongue
Press: ? - help, Shift-Dir - straight line, f/p - scorpion
Aim: a scorpion (lightly wounded)
The flame tongue hits the scorpion.
The scorpion is moderately wounded.
* * * LOW HITPOINT WARNING * * *
You feel sick. The scorpion stings you.
You die...

########...........# ###
#########........#####.....## #..
#.........###...######......###.≈
..######### #......##........##.≈
### #...##..............# #####
#######...##............#
....#####.........##..........###
###....##.........##..........# #
#####..........@.........>...# #
#....#####.....s............####
#....# ##.....<##............#
#....## #...#...#...........###
#.....####..##..................
#.[........#.....##.............
#.....##.....#...##........[..##
#..[..#...#####.###...........##
##.........# #.###.#.........##


You could see a scorpion.

Vanquished Creatures
  An orc wizard (D:2)
  3 adders
  3 worms (D:2)
  2 dart slugs (D:2)
  9 leopard geckos (D:3)
  10 orcs
  4 giant cockroaches
  5 goblins
  10 hobgoblins
  7 jackals (D:2)
  8 kobolds
  A quokka (D:3)
  6 bats
  6 frilled lizards
  9 rats
84 creatures vanquished.

Notes
Turn   | Place    | Note
-------+----------+-------------------------------------------
     0 | D:1      | mortelune the Demonspawn Fire Elementalist began the quest for the Orb.
     0 | D:1      | Reached XP level 1. HP: 13/13 MP: 3/3
   531 | D:1      | Gained mutation: You have sharp toenails. [demonic ancestry]
   531 | D:1      | Reached XP level 2. HP: 19/19 MP: 0/5
   588 | D:1      | Learned a level 2 spell: Throw Flame
  1531 | D:2      | Found a sacrificial altar of Ru.
  1534 | D:2      | Reached XP level 3. HP: 24/24 MP: 4/6
  1793 | D:2      | Found a hide-covered altar of Uskayaw.
  1796 | D:2      | Found a bloodstained altar of Trog.
  1799 | D:2      | Found a blossoming altar of Fedhas.
  1867 | D:2      | Learned a level 3 spell: Conjure Flame
  2653 | D:2      | Reached XP level 4. HP: 30/30 MP: 4/7
  2896 | D:2      | Found a snail-covered altar of Cheibriados.
  4334 | D:2      | HP: 1/30 [orc wizard/magic dart (7)]
  4343 | D:2      | Gained mutation: You are partially covered in slimy green scales. (AC +2) [demonic ancestry]
  4343 | D:2      | Reached XP level 5. HP: 9/35 MP: 5/9
  4987 | D:4      | Noticed Amnesiac's ghost (amateur DEIE)
  5170 | D:3      | Slain by a scorpion

Vault maps used:
D:1:      dpeg_arrival_fog
D:2:      old_standard_altar, grunt_temple_overflow_cloverleaf
D:3:      gup_sewer_entry_pipe
D:4:      first_ration, dk_vineyard_3

Skill      XL: |  1  2  3  4 |
---------------+-------------+-----
Stealth        | 2 |  2.8
Conjurations   | 2 3 |  3.3
Fire Magic     | 3 |  3.4
Dodging        | |  1.7
Spellcasting   | |  2.8

Action                   |  1- 3 |  4- 6 || total
-------------------------+-------+-------++-------
Melee: Unarmed           |     7 |       ||     7
       Club              |    20 |    20 ||    40
       Kick              |     6 |     3 ||     9
 Cast: Flame Tongue      |    87 |    86 ||   173
       Throw Flame       |    13 |    12 ||    25
       Conjure Flame     |       |     1 ||     1
  Use: Scroll            |     4 |     2 ||     6
       Potion            |       |     5 ||     5
  Eat: Chunk             |     7 |     5 ||    12
       Ration            |       |     2 ||     2
Armor: Robe              |    23 |    24 ||    47
Dodge: Dodged            |    47 |    61 ||   108

Table legend:
 A = Spawn XP
 B = Non-spawn XP
 C = Spawn XP percentage of total XP
 D = Spawn monster count
 E = Non-spawn monster count
 F = Spawn count percentage of total count
 G = Total turns spent on level
                    A         B        C        D         E        F      G
               +---------+---------+-------+---------+---------+-------+---------
         Total |       0 |     254 |   0.0 |       0 |      84 |   0.0 |  5170
               +---------+---------+-------+---------+---------+-------+---------
           D:1 |       0 |      30 |   0.0 |       0 |      17 |   0.0 |  1372
           D:2 |       0 |     136 |   0.0 |       0 |      33 |   0.0 |  2623
           D:3 |       0 |      88 |   0.0 |       0 |      34 |   0.0 |  1154
               +---------+---------+-------+---------+---------+-------+---------
